 Seeded DCSS version 0.28-a0-804-g60983d4ba9 (webtiles) character file.

Game seed: 20211107 (custom seed)

56 a11behringer the Covered (level 3, -6/33 HPs)
             Began as a Minotaur Fighter on Nov 7, 2021.
             Killed by divine providence
             ... invoked by an orc priest
              (12 damage)
             ... on level 3 of the Dungeon.
             The game lasted 00:03:10 (875 turns).

a11behringer the Covered (Minotaur Fighter)          Turns: 875, Time: 00:03:10

Health: -6/33      AC: 11    Str: 20    XL:     3   Next: 71%
Magic:  2/2        EV:  6    Int:  5    God:
Gold:   45         SH:  4    Dex: 10    Spells: 2/2 levels left

rFire   . . .      SeeInvis .   a - +0 war axe
rCold   . . .      Faith    .   c - +0 buckler
rNeg    . . .      Spirit   .   h - +0 plate armour
rPois   .          Reflect  .   (helmet restricted)
rElec   .          Harm     .   (no cloak)
rCorr   .          Rampage  .   (no gloves)
Will    .....                   (no boots)
Stlth   ..........              (no amulet)
HPRegen 0.11/turn               (no ring)
MPRegen 0.08/turn               (no ring)

@: no status effects
A: horns 2, retaliatory headbutt
a: no special abilities


You were on level 3 of the Dungeon.
You visited 1 branch of the dungeon, and saw 3 of its levels.

You collected 45 gold pieces.

Inventory:

Hand Weapons
 a - a +0 war axe (weapon)
 i - a +0 hunting sling
Armour
 b - a +0 scale mail
 c - a +0 buckler (worn)
 h - a +0 plate armour (worn)
Scrolls
 f - a scroll of identify
Potions
 d - a potion of might
 e - a potion of invisibility
 g - a potion of haste


   Skills:
 + Level 4.2 Fighting
 * Level 3.3 Axes
 + Level 4.3 Armour
 + Level 4.1 Shields


You had 2 spell levels left.
You didn't know any spells.
Your spell library contained the following spells:

 Spells                   Type           Power      Damage    Failure   Level
 Call Canine Familiar     Summ           0%         N/A       100%        3
 Portal Projectile        Hex/Tloc       0%         N/A       100%        3
 Leda's Liquefaction      Hex/Erth       0%         N/A       100%        4


Dungeon Overview and Level Annotations

Branches:
Dungeon (3/15)

Altars:

Annotations:
D:2 Sigmund


Innate Abilities, Weirdness & Mutations

You have a pair of horns on your head.
You reflexively headbutt those who attack you in melee.


Message History

Your plate armour prevents you from hitting the orc.
The orc hits you but does no damage. The orc hits you but does no damage.
The orc priest invokes the aid of Beogh against you.
Beogh smites you!
* * * LOW HITPOINT WARNING * * *
An orc comes into view. It is wielding a +0 hand axe.
You feel less confused. The orc closely misses you. You furiously retaliate!
You headbutt the orc, but do no damage. The orc priest closely misses you.
You furiously retaliate!
You headbutt the orc priest! You closely miss the orc priest.
You headbutt the orc priest.
The orc priest is almost dead.
You hit the orc but do no damage.
A frilled lizard comes into view.
The orc priest hits you but does no damage.
The orc hits you but does no damage.
An orc comes into view. It is wielding a +0 dagger.
You closely miss the orc priest.
The orc priest is almost dead.
You closely miss the orc.
The orc shouts!
The frilled lizard hisses angrily.
You slash the orc!
You kill the orc!
The orc priest hits you but does no damage.
The orc barely misses you. You furiously retaliate!
You headbutt the orc!
You kill the orc!
The orc priest invokes the aid of Beogh against you.
Pain shoots through your body!
* * * LOW HITPOINT WARNING * * *
You closely miss the orc priest.
The orc priest is almost dead.
The orc priest hits you with a +0 war axe.
* * * LOW HITPOINT WARNING * * *
You hit the orc priest but do no damage.
The orc priest is almost dead.
The orc priest calls down the wrath of Beogh upon you.
Beogh smites you!
You die...

#####
######.....
#......#
#......#
#<..)..# #
#...@.)#####
#.##.#.o)......
#>.............
####(#.l..(....
#.#.o(......
#.#.........
#.#.........
#.#.........
#.#.........


You could see an orc priest, an orc and a frilled lizard.

Vanquished Creatures
  3 adders
  2 orcs (D:3)
  4 endoplasms (D:1)
  A giant cockroach (D:2)
  A hobgoblin (D:1)
  6 jackals (D:1)
  2 ball pythons (D:1)
  A bat (D:1)
  A goblin (D:1)
  3 kobolds
  3 rats (D:1)
27 creatures vanquished.

Notes
Turn   | Place    | Note
-------+----------+-------------------------------------------
     0 | D:1      | a11behringer the Minotaur Fighter began the quest for the
                  | Orb.
     0 | D:1      | Reached XP level 1. HP: 19/19 MP: 0/0
   188 | D:1      | Reached XP level 2. HP: 27/27 MP: 1/1
   631 | D:3      | Reached XP level 3. HP: 33/33 MP: 2/2
   857 | D:2      | Noticed Sigmund
   875 | D:3      | Killed from afar by an orc priest

Illustrated notes

Levels and vault maps discovered:
D:1:      minmay_arrival_up_and_down, layout_rooms,
          chequers_hall_statues_corner_a
D:2:      layout_rooms, basic_altar, minmay_misc_feat_rows,
          chequers_serial_rivers_micro_c, uniq_sigmund
D:3:      minmay_diamond_boxcup, layout_basic, nicolae_ru_awakened_eye,
          grunt_ministairs_15

Skill      XL: |  1  2 |
---------------+-------+-----
Fighting       | 4 |  4.2
Armour         | 4 |  4.3
Shields        | 4 |  4.1
Axes           | 3 |  3.3

Action                   || total
-------------------------++-------
Melee: War axe           ||    41
       Headbutt          ||     1
  Use: Scroll            ||     2
Armor: Scale mail        ||     8
       Plate armour      ||    12
Dodge: Dodged            ||    23
Block: Buckler           ||     8

Table legend: (Time is in decaauts)
 A = Elapsed time spent in this place.
 B = Non-inter-level travel time spent in this place.
 C = Inter-level travel time spent in this place.
 D = Time resting spent in this place.
 E = Time spent auto-exploring this place.
 F = Levels seen in this place.
 G = Mean time per level.
                   A        B        C        D        E       F      G
               +--------+--------+--------+--------+--------+-----+--------+
         Total |    890 |    715 |    175 |      0 |    549 |   3 |  296.7 |
       Dungeon |    890 |    715 |    175 |      0 |    549 |   3 |  296.7 |
               +--------+--------+--------+--------+--------+-----+--------+

Top non-repeatable levels by time:
     D:1: 589 daAuts
     D:2: 246 daAuts
     D:3: 54 daAuts
